Map: Acropolis LE

Players

HateMe - Winner!

  • Race: Zerg Zerg
  • Spawn Location: 5:00

BluE

  • Race: Protoss Protoss
  • Spawn Location: 11:00

Event: 2019 WCS Summer

VOD

Have the link to the VOD?

Description

Time

  • Played on: July 12, 2019, 7:45 a.m.
  • Length: 14:35

All games in this series

Show
View Real Time Build Order
Export as new Build Order

HateMe Zerg - Winner!

Build Orders: Hatch First, Brood Lord Corruptor, Muta Ling Bane 

Get SALT Encoding   

  12  0:00  Drone  
  13  0:12  Overlord  
  13  0:17  Drone  
  14  0:30  Drone x2  
  16  0:48  Hatchery  
  15  0:51  Drone  
  15  0:54  Drone  
  17  0:57  Drone  
  18  1:08  Extractor  
  17  1:13  Spawning Pool  
  17  1:16  Drone  
  17  1:22  Drone  
  18  1:28  Drone  
  19  1:38  Drone  
  20  1:50  Overlord  
  20  2:00  Queen x2  
  20  2:01  Zergling x4  
  26  2:10  Drone x2  
  26  2:13  Metabolic Boost  
  28  2:24  Drone x2  
  30  2:35  Hatchery  
  29  2:40  Drone x2  
  29  2:44  Drone  
  32  2:48  Overlord  
  32  2:53  Queen  
  34  2:59  Drone x2  
  34  3:05  Overlord  
  36  3:15  Drone x4  
  36  3:16  Drone x2  
  36  3:19  Drone  
  43  3:23  Overlord  
  43  3:24  Drone  
  43  3:30  Queen  
  43  3:32  Drone  
  43  3:33  Drone  
  47  3:44  Overlord  
  47  3:45  Drone x4  
  51  3:48  Queen  
  51  3:53  Spore Crawler x2  
  51  3:57  Zergling x2  
  51  3:58  Zergling x2  
  51  4:00  Spore Crawler  
  51  4:01  Overlord  
  52  4:04  Zergling x2  
  52  4:06  Drone  
  52  4:07  Drone  
  55  4:10  Queen  
  55  4:14  Drone  
  55  4:15  Drone x2  
  55  4:17  Drone  
  61  4:18  Drone  
  61  4:19  Drone  
  63  4:27  Lair  
  63  4:33  Roach Warren  
  63  4:36  Extractor  
  63  4:37  Overlord  
  61  4:38  Drone x2  
  61  4:39  Drone x3, Extractor  
  61  4:41  Drone  
  61  4:44  Drone x3  
  66  4:55  Drone x2, Overlord x2  
  68  5:06  Zergling x10  
  73  5:08  Overlord  
  73  5:09  Overlord  
  73  5:16  Overlord  
  73  5:17  Roach x4  
  81  5:23  Roach  
  81  5:25  Roach  
  81  5:26  Glial Reconstitution, Overseer  
  85  5:30  Roach x4  
  93  5:42  Roach x4  
  98  5:50  Zergling x12  
  100  6:02  Roach x3  
  100  6:03  Drone x3  
  106  6:05  Drone  
  108  6:11  Drone  
  108  6:16  Drone x2  
  110  6:19  Drone  
  110  6:24  Extractor, Spire  
  109  6:25  Evolution Chamber  
  109  6:27  Drone x2  
  109  6:32  Overlord x2  
  110  6:33  Drone, Extractor  
  110  6:34  Drone, Extractor  
  110  6:38  Drone  
  110  6:39  Drone x2  
  113  6:42  Drone x3  
  113  6:43  Overseer  
  113  6:46  Drone  
  113  6:47  Drone x2  
  119  6:48  Hatchery  
  118  6:55  Zerg Melee Weapons Level 1  
  117  7:04  Drone  
  117  7:07  Drone  
  119  7:10  Baneling Nest  
  117  7:20  Overlord x2  
  117  7:21  Overlord  
  115  7:38  Mutalisk x7  
  115  7:40  Drone x8  
  137  7:50  Drone x2  
  137  7:56  Overlord x2  
  137  7:57  Centrifical Hooks, Roach x3  
  143  7:59  Hatchery  
  143  8:01  Roach x3  
  143  8:02  Evolution Chamber  
  147  8:07  Zergling x12  
  152  8:17  Zergling x6  
  155  8:20  Zergling x8  
  155  8:27  Zergling x4  
  159  8:34  Zergling x18  
  162  8:41  Zerg Missile Weapons Level 1  
  166  8:45  Drone x3  
  166  8:46  Spore Crawler  
  168  8:51  Drone  
  168  8:52  Overlord x4  
  168  8:55  Infestation Pit  
  168  9:00  Zergling x14  
  174  9:12  Zergling x18  
  174  9:14  Zerg Melee Weapons Level 2  
  180  9:22  Drone, Spine Crawler  
  180  9:23  Drone x2  
  180  9:24  Spine Crawler  
  181  9:25  Spine Crawler  
  181  9:29  Zergling x22  
  191  9:31  Hive  
  185  9:40  Ravager  
  185  9:41  Ravager x6  
  185  9:42  Ravager x5  
  185  9:43  Zergling x12  
  185  9:44  Baneling x5  
  185  9:45  Baneling x10  
  199  9:52  Hatchery  
  198  9:54  Zergling x4  
  198  10:07  Zergling x4  
  198  10:11  Overseer  
  198  10:12  Overseer x3  
  198  10:16  Zergling x10  
  187  10:24  Zergling x34  
  182  10:31  Zergling x16  
  182  10:34  Zergling x2  
  177  10:35  Zergling x4  
  177  10:40  Zerg Missile Weapons Level 2  
  177  10:41  Roach  
  175  10:43  Baneling x8  
  175  10:44  Baneling x8, Zergling x10  
  180  10:50  Greater Spire  
  180  10:51  Zergling x12  
  180  10:54  Adrenal Glands  
  180  10:56  Zergling x4  
  185  11:00  Zergling x2  
  185  11:01  Zergling x2  
  184  11:09  Drone x3  
  184  11:10  Zergling x6  
  184  11:11  Zergling x8  
  194  11:14  Zergling x10  
  199  11:20  Spore Crawler  
  198  11:36  Baneling x7  
  198  11:37  Zergling x2  
  198  11:39  Zerg Melee Weapons Level 3  
  192  12:03  Corruptor x5  
  192  12:05  Corruptor  
  192  12:06  Corruptor  
  197  12:09  Extractor  
  197  12:10  Extractor  
  189  12:18  Zergling x30  
  167  12:25  Zergling x24  
  149  12:41  Zergling x18  
  154  12:44  Brood Lord x4  
  154  12:45  Brood Lord  
  164  12:54  Extractor  
  164  12:56  Drone x2, Spine Crawler  
  164  12:57  Drone x4  
  164  12:58  Extractor, Spine Crawler  
  166  12:59  Brood Lord  
  166  13:01  Zergling x6  
  166  13:02  Zergling x16  
  166  13:03  Brood Lord  
  181  13:17  Zergling x14  
  188  13:26  Zergling x24  
  200  13:27  Hatchery  
  200  13:33  Pathogen Glands  
  199  13:35  Baneling x10  
  199  13:36  Baneling  
  177  13:49  Zergling x22  
  177  13:50  Zergling x8  
  170  14:01  Corruptor x4  
  156  14:11  Zergling x16  
Show
View Real Time Build Order
Export as new Build Order

BluE Protoss 

Build Orders: 1 Gate Expand, Oracle Opening, Phoenix Opening 

Get SALT Encoding   

  12  0:00  Probe  
  13  0:12  Probe  
  14  0:20  Pylon  
  14  0:24  Probe  
  15  0:34  Probe  
  15  0:40  Gateway  
  16  0:43  Probe  
  16  0:45  Assimilator  
  17  0:55  Probe  
  18  1:07  Probe  
  19  1:19  Probe  
  20  1:27  Nexus  
  20  1:37  Cybernetics Core  
  21  1:40  Probe  
  21  1:46  Assimilator  
  21  1:52  Probe  
  22  1:55  Pylon  
  22  2:04  Probe, Adept  
  25  2:16  Stargate  
  25  2:18  Probe  
  26  2:26  Probe, Warp Gate  
  26  2:34  Probe, Adept  
  26  2:35  Probe  
  29  2:43  Probe  
  31  2:45  Probe  
  33  2:53  Probe  
  33  2:55  Phoenix  
  33  2:58  Probe  
  38  3:05  Probe  
  38  3:10  Probe  
  39  3:14  Pylon  
  39  3:17  Probe, Oracle  
  40  3:23  Probe  
  44  3:28  Assimilator  
  44  3:31  Probe  
  44  3:32  Gateway  
  45  3:39  Probe  
  45  3:40  Assimilator  
  46  3:46  Probe, Robotics Facility  
  47  3:54  Probe, Twilight Council  
  48  3:58  Probe  
  48  4:02  Pylon  
  49  4:06  Probe  
  49  4:09  Gateway  
  50  4:10  Probe, Resonating Glaives  
  50  4:11  Gateway  
  51  4:19  Adept  
  51  4:20  Probe  
  51  4:21  Pylon  
  54  4:25  Warp Prism  
  54  4:27  Adept  
  54  4:28  Probe  
  59  4:47  Probe x2  
  59  4:49  Adept x2  
  59  4:52  Pylon  
  65  5:07  Observer  
  65  5:10  Adept x3  
  65  5:11  Adept  
  73  5:14  Pylon  
  73  5:22  Nexus  
  73  5:33  Adept  
  73  5:34  Adept x2  
  79  5:35  Adept  
  79  5:40  Probe x2  
  83  5:50  Immortal  
  83  5:58  Pylon  
  83  6:00  Pylon  
  75  6:06  Adept  
  75  6:07  Sentry x2, Adept  
  75  6:09  Probe x2  
  77  6:16  Forge  
  77  6:21  Probe x2, Immortal  
  77  6:24  Charge  
  79  6:28  Templar Archives  
  79  6:33  Probe  
  79  6:36  Probe  
  79  6:37  Probe  
  79  6:38  Sentry  
  88  6:40  Sentry  
  88  6:45  Probe  
  91  6:49  Probe x2  
  93  6:54  Protoss Ground Weapons Level 1  
  93  6:57  Probe, Gateway  
  93  6:58  Gateway  
  93  7:01  Probe  
  95  7:05  Probe  
  95  7:06  Phoenix  
  96  7:09  Assimilator, Probe  
  96  7:10  Pylon  
  96  7:11  Immortal  
  103  7:19  Probe  
  103  7:22  Probe  
  105  7:24  Pylon  
  105  7:25  Assimilator x2, Phoenix  
  105  7:34  Probe  
  105  7:35  Adept  
  110  7:42  Stalker  
  112  7:44  Immortal  
  112  7:47  Gateway  
  112  7:48  Gateway  
  116  8:00  High Templar x3  
  116  8:01  High Templar  
  116  8:03  Pylon  
  124  8:07  Phoenix  
  124  8:11  Probe x2  
  126  8:17  Photon Cannon  
  124  8:30  Phoenix  
  124  8:35  Probe, Immortal  
  124  8:39  Psionic Storm  
  129  8:41  Zealot  
  129  8:42  Zealot x2  
  129  8:43  Photon Cannon  
  129  8:46  Photon Cannon, Nexus  
  129  8:47  Pylon  
  135  8:51  Dark Shrine  
  135  9:00  Protoss Ground Weapons Level 2  
  135  9:04  Pylon  
  135  9:10  Immortal  
  135  9:20  Photon Cannon  
  135  9:22  Photon Cannon, High Templar  
  135  9:23  Photon Cannon, Shield Battery  
  137  9:26  Pylon  
  137  9:27  Photon Cannon  
  135  9:44  Probe x2  
  137  9:46  Probe, Assimilator  
  137  9:48  Assimilator  
  137  9:49  Warp Prism  
  140  9:56  Probe x2  
  142  10:02  High Templar x3  
  142  10:04  High Templar  
  142  10:06  Zealot x4  
  152  10:07  Archon  
  143  10:25  Immortal  
  129  10:28  Zealot x3  
  135  10:40  Nexus  
  135  10:43  Observer  
  135  10:48  High Templar x4  
  135  10:49  Probe  
  144  10:54  Observer  
  144  10:56  Archon  
  144  11:00  Archon  
  144  11:04  Immortal  
  144  11:08  Probe  
  149  11:11  Photon Cannon x2  
  149  11:14  Pylon  
  149  11:22  Pylon  
  149  11:23  Pylon  
  149  11:24  Pylon  
  149  11:26  Pylon  
  149  11:35  Probe  
  149  11:37  Photon Cannon  
  150  11:40  Dark Templar x3  
  150  11:43  Warp Prism  
  158  11:53  Zealot  
  158  11:54  Protoss Ground Weapons Level 3  
  160  11:56  Zealot x3  
  160  11:57  Zealot  
  161  12:08  Probe x2  
  156  12:09  Probe  
  156  12:11  Probe  
  156  12:20  Probe x2  
  156  12:21  Probe  
  139  12:29  Immortal  
  137  12:34  Zealot x4  
  137  12:35  Zealot x4  
  153  12:42  Probe x2  
  137  12:53  Probe x2  
  139  12:59  Probe  
  140  13:08  Observer  
  140  13:10  Fleet Beacon  
  141  13:13  Stargate  
  141  13:16  Stargate  
  141  13:23  Stalker  
  143  13:28  High Templar x2  
  143  13:29  High Templar x5  
  143  13:33  Archon x3  
  156  13:38  Immortal  
  119  13:57  Zealot  
  119  14:01  Zealot  
  119  14:02  Zealot x5  
  120  14:03  Probe  
  114  14:14  Probe  
  114  14:16  Probe  
  115  14:33  Zealot  
Tags
 
Add a new tag
Caveats
  • Supply blocks, unpowered buildings, or Contaminate may cause inaccurate times.
  • Supply counts are checked every 10 seconds.